Map: Lerilak Crest

Players

Half - Winner!

  • Race: Terran Terran

Shamanas

  • Race: Terran Terran

VOD

Have the link to the VOD?

Description

Time

  • Played on: May 2, 2015, 3 a.m.
  • Length: 12:16
Show
View Real Time Build Order
Export as new Build Order

Half Terran - Winner!

Build Orders: Bio Tank, Banshee Rush 

Get SALT Encoding   

  12  0:01  SCV  
  13  0:13  SCV  
  14  0:17  Supply Depot  
  14  0:25  SCV  
  15  0:39  SCV  
  15  0:42  Barracks  
  16  0:47  Refinery  
  16  0:51  SCV  
  17  1:03  SCV  
  18  1:15  SCV  
  19  1:28  Orbital Command  
  19  1:30  Marine  
  20  1:45  Command Center  
  20  1:48  Marine  
  21  1:54  SCV  
  22  2:01  Factory  
  22  2:10  SCV  
  22  2:15  Marine  
  23  2:20  Supply Depot  
  23  2:41  SCV, Marine  
  25  2:54  Factory Tech Lab  
  25  2:55  Starport  
  25  2:56  SCV  
  25  2:57  Refinery  
  25  2:58  Orbital Command  
  26  3:03  Marine  
  27  3:08  SCV  
  28  3:20  SCV  
  28  3:22  Supply Depot  
  28  3:26  SCV  
  30  3:29  Barracks Reactor  
  30  3:30  Widow Mine  
  30  3:32  SCV  
  33  3:38  SCV  
  33  3:40  Banshee  
  37  3:45  SCV  
  37  3:48  Cloaking Field  
  38  3:50  SCV  
  38  3:55  Supply Depot  
  39  3:57  SCV  
  39  3:58  Refinery  
  39  4:01  Command Center  
  39  4:02  SCV  
  41  4:09  SCV  
  42  4:14  SCV  
  43  4:21  SCV  
  44  4:26  SCV  
  44  4:28  Banshee  
  44  4:29  Hellion x2  
  44  4:30  Barracks Tech Lab  
  52  4:33  SCV  
  53  4:38  SCV  
  53  4:45  SCV  
  55  4:50  SCV, Hellion  
  55  4:51  Hellion, Stimpack, Barracks  
  60  4:57  Barracks  
  60  5:01  SCV  
  60  5:03  SCV  
  60  5:05  Supply Depot  
  62  5:08  Supply Depot  
  62  5:12  Hellion x2  
  62  5:13  SCV  
  64  5:23  Orbital Command  
  64  5:27  SCV x2  
  66  5:30  Supply Depot  
  66  5:34  Starport Reactor  
  66  5:39  SCV x2, Engineering Bay  
  66  5:42  Engineering Bay  
  68  5:45  Siege Tank, Marine x3  
  75  5:50  SCV  
  75  5:51  SCV  
  75  5:52  SCV  
  77  6:02  SCV  
  77  6:04  SCV  
  77  6:34  Refinery  
  77  6:38  Orbital Command  
  77  6:50  Barracks  
  77  6:52  SCV x2, Barracks  
  77  6:53  Terran Infantry Weapons Level 1, Terran Infantry Armor Level 1, Barracks  
  79  6:57  Barracks Reactor  
  79  7:04  SCV x2, Missile Turret  
  79  7:05  SCV  
  79  7:07  Marine x3  
  85  7:08  Missile Turret  
  85  7:09  Siege Tank, Missile Turret  
  85  7:10  Combat Shields  
  88  7:16  SCV x2  
  88  7:17  Medivac x2  
  88  7:19  SCV  
  95  7:25  Marine x2  
  95  7:27  Missile Turret  
  95  7:28  SCV  
  95  7:29  SCV  
  99  7:31  SCV  
  99  7:34  Marine  
  101  7:40  Supply Depot  
  101  7:42  Supply Depot  
  101  7:43  Supply Depot  
  101  7:45  Supply Depot x3  
  101  7:46  Barracks Reactor x2  
  101  7:47  Supply Depot, Barracks Reactor  
  101  7:48  Supply Depot  
  101  7:58  SCV  
  101  7:59  Marauder  
  101  8:01  SCV, Marine x4  
  101  8:02  Siege Tank  
  101  8:04  SCV  
  110  8:12  Supply Depot  
  110  8:19  Marine x4  
  114  8:20  Supply Depot, Marauder  
  116  8:28  Marine  
  116  8:29  Marine x5  
  116  8:32  Command Center, Medivac x2  
  116  8:34  Siege Tank, Concussive Shells  
  129  8:39  Supply Depot  
  129  8:40  Supply Depot  
  129  8:41  Supply Depot, Marauder  
  129  8:42  Supply Depot  
  129  8:47  Barracks x2  
  129  8:48  Supply Depot, Barracks  
  131  8:49  Marine  
  131  8:50  Marine x7  
  131  8:51  Supply Depot x2  
  139  8:58  SCV x2  
  139  8:59  SCV  
  139  9:02  Armory  
  142  9:03  Refinery, Marauder  
  142  9:04  Refinery  
  142  9:08  Siege Tank  
  142  9:09  Marine  
  147  9:10  Marine x7  
  147  9:11  Marine x2  
  147  9:13  Medivac  
  159  9:27  Marine x3  
  159  9:28  Marine  
  159  9:29  Marine x4  
  164  9:40  Siege Tank  
  164  9:41  Marine x2  
  148  9:47  Marine  
  148  9:48  Marine x6  
  155  9:53  Barracks Tech Lab  
  155  9:54  Barracks Tech Lab  
  155  9:55  Barracks Reactor  
  147  10:00  Marine x4  
  147  10:05  Marine x2  
  147  10:06  Marine x2  
  152  10:12  Siege Tank  
  153  10:18  Marine x4  
  153  10:19  Marauder x2  
  160  10:31  Marine x4  
  160  10:32  Marine x3  
  160  10:33  Medivac x2  
  171  10:36  Marauder  
  171  10:37  Orbital Command  
  171  10:41  Marauder  
  161  10:44  Siege Tank  
  153  10:52  Marine x10, Marauder  
  162  10:58  Marauder  
  164  11:37  Marine x5  
  164  11:38  Marine x7  
  176  11:41  Marauder x3  
Show
View Real Time Build Order
Export as new Build Order

Shamanas Terran 

Build Orders: Reaper Expand, Mech, Siege Tank Drop 

Get SALT Encoding   

  12  0:01  SCV  
  13  0:13  SCV  
  14  0:18  Supply Depot  
  14  0:25  SCV  
  15  0:39  SCV  
  15  0:40  Barracks  
  16  0:49  Refinery  
  16  0:51  SCV  
  17  1:03  SCV  
  18  1:15  SCV  
  19  1:28  Orbital Command  
  19  1:32  Reaper  
  20  1:46  Command Center  
  20  1:55  SCV  
  20  1:58  Supply Depot  
  20  2:06  Barracks Reactor  
  20  2:09  SCV  
  21  2:16  Refinery  
  21  2:21  SCV  
  22  2:28  Factory  
  22  2:35  SCV  
  23  2:44  Marine  
  23  2:45  Marine  
  23  2:47  SCV  
  25  3:01  Command Center  
  25  3:03  Orbital Command  
  25  3:05  SCV  
  26  3:14  Factory Tech Lab  
  26  3:15  Marine x2  
  26  3:17  SCV  
  29  3:29  SCV  
  29  3:31  SCV  
  29  3:33  Cyclone  
  34  3:36  Marine x2  
  36  3:41  SCV  
  36  3:42  Supply Depot  
  36  3:43  SCV  
  36  3:48  Missile Turret  
  38  3:50  Missile Turret  
  38  3:54  SCV  
  38  3:55  SCV  
  40  4:02  Starport  
  40  4:04  Marine  
  40  4:06  SCV  
  42  4:10  Siege Tank  
  42  4:12  SCV  
  42  4:16  Supply Depot  
  46  4:19  Orbital Command  
  46  4:22  SCV  
  47  4:24  SCV  
  47  4:27  Marine x2  
  50  4:34  SCV  
  51  4:38  Medivac  
  51  4:45  Marine x2  
  53  4:47  SCV x3  
  53  4:50  Refinery  
  53  4:51  Refinery  
  57  4:56  Missile Turret x2  
  57  4:59  Siege Tank  
  60  5:04  Armory  
  60  5:08  Factory  
  60  5:14  Marine x2  
  61  5:20  SCV x2  
  61  5:21  SCV  
  64  5:30  Starport Tech Lab  
  64  5:39  Starport  
  64  5:40  SCV  
  64  5:41  SCV, Factory  
  64  5:42  Orbital Command  
  66  5:52  SCV  
  66  5:55  SCV  
  68  6:05  SCV  
  69  6:18  SCV x3  
  72  6:22  Hellion, Starport Reactor, Hellbat  
  72  6:23  Siege Tank  
  72  6:24  Factory Reactor  
  76  6:33  SCV  
  76  6:35  Refinery  
  77  6:43  Supply Depot  
  77  6:44  Supply Depot  
  77  6:45  Supply Depot  
  77  6:51  Terran Vehicle and Ship Weapons Level 1  
  77  6:59  Refinery  
  77  7:01  Supply Depot, Cloaking Field  
  77  7:03  Supply Depot  
  77  7:04  Command Center, Banshee, Siege Tank, SCV x2  
  77  7:05  Viking x2  
  77  7:06  Hellion, Refinery, Hellbat  
  77  7:07  SCV  
  93  7:16  SCV x2  
  95  7:25  Hellbat x2  
  95  7:27  Hellbat x2  
  95  7:29  SCV x3  
  106  7:32  Refinery  
  106  7:36  Siege Tank  
  109  7:42  SCV  
  110  7:49  Missile Turret  
  110  7:50  Missile Turret  
  109  7:54  Missile Turret  
  109  7:55  SCV x3  
  109  7:57  Viking x2  
  116  8:06  Starport  
  116  8:08  Factory x2  
  116  8:09  Missile Turret  
  116  8:11  Missile Turret  
  116  8:12  Supply Depot  
  116  8:13  Supply Depot  
  116  8:14  Supply Depot  
  116  8:16  Banshee, Hellbat x5  
  129  8:24  Engineering Bay  
  129  8:26  SCV x2  
  129  8:27  SCV, Missile Turret  
  133  8:34  SCV  
  133  8:35  Hellion  
  133  8:38  SCV  
  133  8:39  Hellion  
  133  8:41  Hellbat x5  
  144  8:42  Viking  
  144  8:43  Starport Tech Lab  
  146  8:50  Missile Turret  
  146  8:51  Supply Depot  
  146  8:52  Planetary Fortress, Supply Depot  
  146  9:02  Siege Tank  
  149  9:03  Hellbat x2  
  149  9:04  Hellbat  
  155  9:10  Fusion Core  
  155  9:12  Hellbat  
  155  9:13  Terran Vehicle and Ship Weapons Level 2  
  155  9:25  SCV  
  155  9:26  SCV, Supply Depot  
  142  9:40  Siege Tank  
  142  9:41  Hellbat x3  
  142  9:42  Hellbat x3  
  142  9:43  Banshee x2, Viking  
  107  10:05  SCV x2  
  102  10:07  Hellbat x4  
  102  10:08  Hellbat x2  
  102  10:12  Siege Tank  
  100  10:16  Viking x2  
  89  10:35  Hellbat x3  
  95  10:37  Hellbat  
  95  10:41  Factory Tech Lab  
  99  10:43  Factory Tech Lab  
  99  10:47  Siege Tank  
  97  10:51  Orbital Command  
  97  10:52  SCV x3  
  97  10:53  Bunker  
  97  10:54  Bunker  
  97  10:56  Hellbat  
  102  11:09  SCV  
  103  11:14  Siege Tank x2  
  103  11:16  Refinery  
  103  11:17  Banshee x2, Viking x2  
  119  11:19  Siege Tank  
  119  11:22  Hellbat x3  
  128  11:29  SCV x2  
  128  11:30  SCV  
Tags
 
Add a new tag
Caveats
  • Supply blocks, unpowered buildings, or Contaminate may cause inaccurate times.
  • Supply counts are checked every 10 seconds.